 Dungeon Crawl Stone Soup version 0.32-a0-953-g508020473e (webtiles) character file.

Game seed: 14960349464702089915

2298560 Ofeo the Impregnable (level 27, 200/217 HPs)
             Began as a Coglin Hunter on Apr 14, 2024.
             Was the Champion of Okawaru.
             Escaped with the Orb
             ... and 4 runes on Apr 16, 2024!
             The game lasted 02:14:40 (72552 turns).

Ofeo the Impregnable (Coglin Hunter)               Turns: 72552, Time: 02:14:41

Health: 200/217    AC: 41    Str: 16 (17) XL:     27
Magic:  33/33      EV: 26    Int: 15      God:    Okawaru [******]
Gold:   5627       SH:  0    Dex: 31      Spells: 17/38 levels left

rFire   + + +        n - +7 hand cannon "Mule" {flame, backblast, rF+}
rCold   + + .        M - +9 hand cannon (flame) {Juwon}
rNeg    . . .        V - +8 fire dragon scales
rPois   +            z - +2 helmet "Efirer" {Dex+3}
rElec   +            c - +2 cloak {rC+}
rCorr   +            T - +1 pair of gloves of the Trout {rElec rC+ Slay+3}
SInv    .            D - +1 pair of boots "Joudieg" {Str+4 Dex+2}
Will    ++...        (amulet unavailable)
Stlth   ++           (ring unavailable)
HPRegen 1.36/turn    (ring unavailable)
MPRegen 0.63/turn    d - articulated cryosubsystem {rPois rC+ Regen+ RegenMP+ rCorr}

%: no passive effects
@: studying Long Blades, revving
A: off-hand wielding, slow wielding, warmup strikes, no jewellery, iridescent
scales 1, clever 1, deterioration 1, subdued magic 1
0: Orb of Zot
}: 4/15 runes: barnacled, slimy, silver, gossamer
a: Renounce Religion, Heroism, Finesse, Duel


You escaped.
You worshipped Okawaru.
Okawaru was exalted by your worship.
You visited 11 branches of the dungeon, and saw 53 of its levels.
You also visited: Bailey, Gauntlet and Ice Cave.

You collected 8670 gold pieces.
You spent 3043 gold pieces at shops.

Inventory:

Hand Weapons
 n - the +7 hand cannon "Mule" (weapon) {flame, backblast, rF+}
   (You took it off a merfolk on level 4 of the Shoals)

   rF+:       It protects you from fire.
 M - a +9 hand cannon of flaming (offhand) {Juwon}
Missiles
 x - 6 curare-tipped darts
 G - 4 throwing nets
 L - 5 datura-tipped darts
 Y - 42 silver javelins
Armour
 a - a scarf of repulsion
 c - a +2 cloak of cold resistance (worn)
 z - the +2 helmet "Efirer" (worn) {Dex+3}
   (You found it on level 5 of the Vaults)

   Dex+3:     It affects your dexterity (+3).
 D - the +1 pair of boots "Joudieg" (worn) {Str+4 Dex+2}
   (Okawaru gifted it to you on level 5 of the Lair of Beasts)

   Str+4:     It affects your strength (+4).
   Dex+2:     It affects your dexterity (+2).
 S - the +5 scale mail of Pyzet {rF+ Str-2 Int+3 Slay+2}
   (You found it on level 5 of the Vaults)

   Str-2:     It affects your strength (-2).
   Int+3:     It affects your intelligence (+3).
   Slay+2:    It affects your accuracy & damage with ranged weapons and melee
   (+2).
   rF+:       It protects you from fire.
 T - the +1 pair of gloves of the Trout (worn) {rElec rC+ Slay+3}
   (You found it on level 13 of the Dungeon)

   Slay+3:    It affects your accuracy & damage with ranged weapons and melee
   (+3).
   rC+:       It protects you from cold.
   rElec:     It insulates you from electricity.
 V - +8 fire dragon scales (worn)
Gizmo
 d - an articulated cryosubsystem (installed) {rPois rC+ Regen+ RegenMP+ rCorr}
   (You invented it yourself on level 5 of the Lair of Beasts)

   [articulated cryosubsystem]

   rC+:       It protects you from cold.
   rPois:     It protects you from poison.
   Regen+:    It increases your rate of health regeneration.
   rCorr:     It protects you from acid and corrosion.
   RegenMP+:  It increases your rate of magic regeneration.
Wands
 i - a wand of flame (19)
 p - a wand of digging (24) {@v1}
 C - a wand of mindburst (53)
 H - a wand of light (32)
 K - a wand of warping (68)
Scrolls
 b - a scroll of butterflies
 f - 7 scrolls of fog
 g - 7 scrolls of revelation
 o - 8 scrolls of immolation
 u - 4 scrolls of blinking {@r4}
 v - 7 scrolls of poison
 w - 12 scrolls of enchant weapon
 y - 3 scrolls of enchant armour
 E - 11 scrolls of teleportation {@r3}
 F - 2 scrolls of brand weapon
 J - 6 scrolls of vulnerability
 N - 9 scrolls of fear
 Q - 4 scrolls of silence
 U - 8 scrolls of amnesia
Potions
 e - 7 potions of enlightenment
 h - 3 potions of heal wounds {@q2}
 j - 11 potions of brilliance
 l - 9 potions of lignification
 m - 2 potions of might {@q4}
 q - 32 potions of curing {@q1}
 r - 2 potions of resistance {@q6}
 s - 2 potions of haste {@q3}
 t - 3 potions of cancellation
 A - 5 potions of ambrosia
 B - 11 potions of attraction
 I - 5 potions of invisibility
 O - 9 potions of mutation
 R - 3 potions of berserk rage
Miscellaneous
 k - a phial of floods
 W - a lightning rod (4/4)
 X - a tin of tremorstones (2/2)
 Z - a phantom mirror


   Skills:
 - Level 18.1 Fighting
 - Level 18.0 Ranged Weapons
 + Level 24.8 Armour
 - Level 18.6 Dodging
 - Level 16.8 Stealth
 - Level 6.0 Spellcasting
 - Level 8.6 Hexes
 - Level 9.4 Translocations
 - Level 7.0 Ice Magic
 - Level 13.7 Invocations
 - Level 18.3 Evocations


You had 17 spell levels left.
You knew the following spells:

 Your Spells              Type           Power      Damage    Failure   Level
a - Fugue of the Fallen   Necr           3%         N/A       61%         3
b - Frozen Ramparts       Ice            38%        1d6       3%          3
c - Volatile Blastmotes   Fire/Tloc      28%        2d12      11%         3
d - Dimensional Bullseye  Hex/Tloc       12%        N/A       6%          4
e - Ozocubu's Armour      Ice            19%        N/A       3%          3
f - Apportation           Tloc           50%        N/A       1%          1
g - Cause Fear            Hex            11%        N/A       7%          4

Your spell library contained the following spells:

 Spells                   Type           Power      Damage    Failure   Level
 Freeze                   Ice            76%        1d8       1%          1
 Blink                    Tloc           50%        N/A       1%          2
 Ensorcelled Hibernation  Hex/Ice        42%        N/A       1%          2
 Jinxbite                 Hex            46%        N/A       1%          2
 Lesser Beckoning         Tloc           50%        N/A       1%          2
 Maxwell's Portable Pile  Tloc           25%        2d(7-21)  1%          3
 Sigil of Binding         Hex            23%        N/A       1%          3
 Teleport Other           Tloc           25%        N/A       1%          3
 Passage of Golubria      Tloc           25%        N/A       4%          4
 Momentum Strike          Conj/Tloc      28%        3d8       5%          2
 Hailstorm                Conj/Ice       11%        3d6       19%         3
 Foxfire                  Conj/Fire      12%        2x1d4     26%         1
 Magic Dart               Conj           12%        1d3       26%         1
 Necrotise                Necr           12%        1d4       26%         1
 Sandblast                Erth           6%         2d5       26%         1
 Metabolic Englaciation   Hex/Ice        10%        N/A       30%         5
 Cigotuvi's Dreadful Rot  Necr/Alch/Air  6%         N/A       36%         2
 Scorch                   Fire           6%         2d5       36%         2
 Searing Ray              Conj           6%         2d4       36%         2
 Static Discharge         Conj/Air       6%         3-4/arc   36%         2
 Sublimation of Blood     Necr           3%         N/A       36%         2
 Iskenderun's Mystic Bla Conj/Tloc 14%            2d5        (+2d2     36%         4
 Vhi's Electric Charge    Tloc/Air       28%        N/A       36%         4
 Anguish                  Hex/Necr       6%         N/A       41%         4
 Passwall                 Erth           3%         N/A       61%         3
 Stone Arrow              Conj/Erth      6%         3d7       61%         3
 Swiftness                Air            3%         N/A       61%         3
 Vampiric Draining        Necr           3%         2d6       61%         3
 Dispersal                Tloc           12%        N/A       65%         6
 Gell's Gavotte           Tloc           12%        2d(16-24) 65%         6
 Silence                  Hex/Air        6%         N/A       78%         5
 Airstrike                Air            1%         2d(1-17)  95%         4
 Brom's Barrelling Bould  Conj/Erth      3%         2d3       95%         4
 Flame Wave               Conj/Fire      3%         2d5       95%         4
 Fulminant Prism          Conj/Alch      1%         3d5       95%         4
 Olgreb's Toxic Radiance  Alch           3%         N/A       95%         4
 Petrify                  Alch/Erth      3%         N/A       95%         4
 Freezing Cloud           Conj/Ice/Air   4%         6-21      96%         5
 Manifold Assault         Tloc           12%        N/A       99%         7
 Alistair's Intoxication  Alch           2%         N/A       100%        5
 Arcjolt                  Conj/Air       1%         1d11      100%        5
 Borgnjor's Vile Clutch   Necr/Erth      1%         N/A       100%        5
 Curse of Agony           Necr           3%         N/A       100%        5
 Fireball                 Conj/Fire      1%         3d3       100%        5
 Irradiate                Conj/Alch      1%         3d12      100%        5
 Iskenderun's Battlesphe  Conj           3%         2d6       100%        5
 Bombard                  Conj/Erth      1%         9d1       100%        6
 Conjure Ball Lightning   Conj/Air       1%         3x3d6     100%        6
 Plasma Beam              Fire/Air       1%         2x1d11    100%        6
 Starburst                Conj/Fire      1%         6d3       100%        6
 Enfeeble                 Hex            11%        N/A       100%        7
 Ozocubu's Refrigeration  Ice            9%         4d9       100%        7
 Discord                  Hex            11%        N/A       100%        8
 Lehudib's Crystal Spear  Conj/Erth      1%         10d2      100%        8
 Maxwell's Capacitive Co  Air            1%         ∞         100%        8
 Chain Lightning          Conj/Air       1%         3d2       100%        9
 Fire Storm               Conj/Fire      1%         8d1       100%        9
 Polar Vortex             Ice            9%         12d1*     100%        9
 Shatter                  Erth           1%         3d6*      100%        9
 Tukima's Dance           Hex            Unusable   N/A       N/A         3
 Call Imp                 Summ           Unusable   N/A       N/A         2
 Call Canine Familiar     Summ           Unusable   N/A       N/A         3
 Animate Dead             Necr           Unusable   N/A       N/A         4
 Martyr's Knell           Necr/Summ      Unusable   N/A       N/A         4
 Summon Lightning Spire   Summ/Air       Unusable   N/A       N/A         4
 Death Channel            Necr           Unusable   N/A       N/A         6
 Sculpt Simulacrum        Ice/Alch       Unusable   N/A       N/A         6
 Summon Cactus Giant      Summ           Unusable   N/A       N/A         6
 Spellforged Servitor     Conj/Summ      Unusable   N/A       N/A         7
 Summon Horrible Things   Summ           Unusable   N/A       N/A         8
 Dragon's Call            Summ           Unusable   N/A       N/A         9

Dungeon Overview and Level Annotations

Branches:
Dungeon (15/15)            Temple (1/1) D:4            Lair (5/5) D:10
 Shoals (4/4) Lair:3       Spider (4/4) Lair:3        Slime (5/5) Lair:5
    Orc (2/2) D:9             Elf (3/3) Orc:2        Vaults (5/5) D:13
  Crypt (0/3) Vaults:3     Depths (4/4) D:15            Zot (5/5) Depths:4
 Bailey (visited)           IceCv (visited)         Gauntlet (visited)

Altars:
Ashenzari
Cheibriados
Dithmenos
Elyvilon
Fedhas
Gozag
Hepliaklqana
Kikubaaqudgha
Makhleb
Nemelex Xobeh
Okawaru
Qazlal
Ru
Sif Muna
Trog
Uskayaw
Vehumet
Wu Jian
Xom
Yredelemnul
Zin
The Shining One
Beogh
Jiyva

Shops:
D:2 [   Orc:2 (::?   Elf:1 :==   Elf:3 (   Vaults:1 !   Vaults:2 (
Depths:4 ::

Portals:
Hell: Depths:1 Depths:2 Depths:3 Depths:4
Abyss: Depths:3
Pandemonium: Depths:2
Ziggurat: Depths:4

Annotations:
D:4 Edmund
Spider:1 2 transporters, ShinQuickMan's ghost, adept HuCj
Vaults:3 2 runed translucent doors, bananaken's ghost, adept TrMo


Innate Abilities, Weirdness & Mutations

You can wield a second weapon in your off-hand.
It takes a long time for you to wield or remove held weapons.
Your first few attacks do less damage.
You cannot equip rings or amulets.
You are partially covered in iridescent scales. (AC +2)
Your mind is acute. (Int +4, Str/Dex -1)
Your body sometimes deteriorates upon taking damage.
Your spells are a little easier to cast, but a little less powerful.


Message History

There is a stone staircase leading down here.
No target in view!
What level of the Dungeon? (default 1, ? - help) You're already here!
An ice devil comes into view.
You shoot a slug.
The slug hits the ice devil but does no damage.
Mule's kick sends you backwards.
You shoot a slug. The ice devil moves out of view.
No target in view!
No target in view!
No target in view!
What level of the Dungeon? (default 1, ? - help) You're already here!
Assich comes into view.
A Nixuacw and a ynoxinul come into view.
The ynoxinul moves out of view.
You shoot a slug.
The slug hits Nixuacw but does no damage.
You shoot a slug.
The slug hits Nixuacw but does no damage.
Mule's kick sends you backwards.
You shoot a slug. The slug barely misses Nixuacw.
You shoot a slug. The slug hits Nixuacw!!
The slug burns Nixuacw!
Nixuacw is lightly wounded.
You shoot a slug.
The slug hits Nixuacw but does no damage.
Nixuacw is lightly wounded.
You shoot a slug. The slug hits Nixuacw.
The slug burns Nixuacw.
Nixuacw is lightly wounded.
Nixuacw gestures.
Nixuacw flickers and vanishes!
Deactivating autopickup; reactivate with Ctrl-A.
A bolt of dispelling energy appears from out of thin air!
The bolt of dispelling energy hits you!!
You take 20 damage, and have 197/217 hp.
A bolt of dispelling energy appears from out of thin air!
The bolt of dispelling energy misses you.
There is a staircase leading out of the dungeon here.
You have escaped!

....###&##.#.######.#.#..........
##.........#.# #.#.#..........
.#.........#.# #...#.....#....
.#.........#.# #.###......#...
.......####### ### ####.....#.
...).....## ##.........
..........# ######### #..........
.#........###...ß...###..........
.#........##..ß.@.ß..##..........
~#........#ß.........ß#..........
.#......3.3..ß..(..ß.............
.#..###÷..#ß.........ß#..........
.#3.......##..ß...ß..##..........
.######...###...ß...###...#.#.##.
.######...# ######### #........#.
.........## ##.....#..=
.#####.############ #####÷..##..


You could see a ynoxinul.

Vanquished Creatures
  the Royal Jelly (Slime:5)
  Frederick (Depths:3)
  8 dread liches
  2 orbs of fire (Zot:5)
  Mara (Depths:1)
  Josephina (Zot:4)
  Vv (Depths:3)
  Saint Roka (Depths:1)
  Bai Suzhen (Vaults:4)
  4 Killer Klowns (Zot:5)
  2 curse toes (Zot:2)
  A caustic shrike (Depths:3)
  13 golden dragons
  A bone dragon (Depths:3)
  A pandemonium lord (Zot:5)
  2 Tzitzimimeh
  3 electric golems
  An Ice Fiend (Depths:3)
  28 Orb Guardians
  18 tentacled monstrosities
  7 liches
  A walking crystal tome (Depths:2)
  Mlioglotl (Spider:4)
  Rupert (D:14)
  2 walking earthen tomes (Depths:3)
  A deep elf blademaster (Elf:3)
  18 acid blobs
  An Executioner (Zot:4)
  4 deep elf master archers
  A walking frostbound tome (Depths:2)
  Polyphemus (Shoals:3)
  11 quicksilver dragons
  An ancient champion (Vaults:3)
  2 storm dragons (shapeshifter) (Depths:2)
  6 sphinxes
  Frances (D:14)
  9 death cobs
  20 storm dragons
  5 protean progenitors
  6 tengu reavers
  12 shadow dragons
  Donald (Elf:3)
  A fenstrider witch (Depths:3)
  An emperor scorpion (shapeshifter) (Depths:2)
  9 rockslimes
  Roxanne (Spider:1)
  6 deep elf sorcerers (Elf:3)
  4 draconian knights
  10 fire giants
  8 azure jellies
  11 frost giants
  11 draconian monks
  An emperor scorpion (Spider:4)
  3 iron dragons
  21 vault wardens
  9 ghost moths
  A ghost moth (shapeshifter) (Depths:2)
  A balrug (Depths:2)
  8 deep elf elementalists
  2 draconian shifters
  4 draconian scorchers
  22 ironbound preservers
  A curse skull (Vaults:3)
  3 broodmothers
  A cacodemon (Depths:4)
  6 draconian stormcallers
  An angel (Zot:1)
  2 ghouls (Depths:3)
  8 formless jellyfish
  2 reapers
  9 very ugly things
  11 stone giants
  17 quicksilver oozes
  5 draconian annihilators
  9 deep elf demonologists
  8 ironbound thunderhulks
  14 green draconians
  A vampire knight (Depths:3)
  7 deep elf death magi
  2 dire elephants
  13 deep elf annihilators
  9 black draconians
  6 purple draconians
  9 red draconians
  9 white draconians
  12 war gargoyles
  A spark wasp (shapeshifter) (Depths:2)
  6 yellow draconians
  2 spark wasps (Spider:4)
  A minotaur (Gauntlet)
  5 blizzard demons
  13 fire dragons
  15 ettins
  9 merfolk impalers
  4 jiangshi (Depths:3)
  A green death (Depths:4)
  6 entropy weavers
  4 merfolk javelineers
  2 crystal guardians
  17 yaktaur captains
  11 deep elf high priests
  8 rakshasas
  A caustic shrike simulacrum (Depths:3)
  43 vault guards
  2 hydras
  8 great orbs of eyes
  Erolcha (Orc:2)
  5 peacekeepers
  6 catoblepae
  A merfolk avatar (Shoals:3)
  A salamander tyrant (Depths:2)
  13 ironbound frosthearts
  4 ogre magi
  11 centaur warriors
  2 death knights
  11 ice dragons
  3 juggernaut simulacra
  5 radroaches
  2 alligators (Zot:1)
  3 spriggan air magi
  A satyr (shapeshifter) (Depths:3)
  10 merfolk aquamancers
  12 deep troll shamans
  Erica (D:8)
  15 death yaks
  10 tengu warriors
  3 two-headed ogres
  4 boulder beetles
  38 dancing weapons
  2 satyrs
  6 occultists
  9 demonic crawlers
  21 deep troll earth magi
  5 orc high priests
  3 vampire magi
  A shock serpent (shapeshifter) (Vaults:5)
  3 spriggan berserkers
  3 hell hogs (Depths:1)
  4 sun demons
  4 hell knights
  A storm dragon zombie (Depths:3)
  2 skysharks
  26 deep elf knights
  Nergalle (Lair:1)
  2 sixfirhies
  Lodul (D:13)
  A salamander mystic (Depths:1)
  A shadow wraith (Vaults:5)
  3 pharaoh ants
  15 deep elf archers
  9 iron trolls
  14 sea snakes
  2 death drakes (Depths:4)
  A quicksilver dragon simulacrum (Depths:2)
  6 skeletal warriors
  A spark wasp zombie (Depths:3)
  4 sun moths
  A large abomination (Zot:5)
  A flayed ghost (Depths:3)
  62 deep trolls
  A swamp dragon (shapeshifter) (Elf:1)
  A mana viper (shapeshifter) (Vaults:5)
  4 obsidian bats
  7 orb spiders
  7 steelbarb worms
  An obsidian statue (Zot:5)
  3 phantasmal warriors
  A swamp dragon (Depths:3)
  4 arcanists
  9 glowing orange brains
  2 lindwurms
  21 ironbound convokers
  22 deep elf pyromancers
  A spectral iron dragon (Depths:3)
  An iron dragon zombie (Depths:1)
  A sphinx simulacrum (Depths:3)
  2 lightning spires (Gauntlet)
  6 orc knights
  7 necromancers
  12 orc sorcerers
  5 thermic dynamos
  33 deep elf zephyrmancers
  7 harpies
  A salamander (shapeshifter) (Vaults:5)
  21 wolf spiders
  23 manticores
  35 moths of wrath
  A glowing shapeshifter (Depths:2)
  A frost giant zombie (Depths:1)
  2 shining eyes (Slime:4)
  2 fauns (shapeshifter)
  3 salamanders (Depths:1)
  24 ugly things
  4 merfolk sirens
  A manticore (shapeshifter) (Vaults:5)
  12 fauns
  7 elephants
  A frost giant skeleton (Depths:1)
  10 cyclopes
  A moth of wrath (shapeshifter) (Vaults:5)
  6 meliai (D:13)
  2 torpor snails
  2 black mambas (Lair:4)
  2 kobold blastminers (Orc:1)
  22 vault sentinels
  8 water nymphs
  An ice statue (IceCv)
  2 rust devils
  2 orange demons
  4 centaur skeletons (D:15)
  5 eyes of devastation
  33 yaktaurs
  8 cane toads
  Maggie (D:10)
  3 gargoyles
  An efreet (Depths:4)
  2 kobold demonologists (D:11)
  2 rime drakes (D:11)
  7 tengu conjurers
  13 freezing wraiths
  A hellion (Depths:2)
  A spark wasp simulacrum (Depths:3)
  12 komodo dragons
  12 ice devils
  A golden dragon simulacrum (Depths:3)
  3 anaconda simulacra (IceCv)
  5 harpy zombies (Shoals:4)
  A troll (shapeshifter) (Depths:2)
  8 trolls
  A tengu simulacrum (Depths:1)
  3 raiju (Gauntlet)
  16 tarantellas
  A shadow dragon simulacrum (Zot:4)
  4 wind drakes
  2 hornets
  3 polar bears
  A jumping spider (shapeshifter) (Depths:2)
  38 merfolk
  12 blink frogs
  8 dream sheep
  18 snapping turtles
  26 jumping spiders
  2 frost giant simulacra (Depths:3)
  2 dream sheep (shapeshifter)
  A glass eye (Slime:5)
  A spriggan zombie (Depths:1)
  2 centaur simulacra
  12 culicivoras
  A culicivora (shapeshifter) (Depths:2)
  98 slime creatures
  20 water elementals
  A spriggan (Lair:3)
  3 dire elephant simulacra (IceCv)
  3 air elementals
  A vampire (D:8)
  4 fire bats (Depths:1)
  3 wraiths
  2 wyverns
  2 basilisks
  65 yaks
  3 fire elementals (Elf:3)
  11 golden eyes
  2 humans
  A redback (shapeshifter) (Depths:3)
  A yellow draconian simulacrum (Zot:4)
  4 wargs
  2 harpy simulacra
  5 steam dragons
  43 redbacks
  5 death yak simulacra (IceCv)
  14 vampire mosquitoes
  3 acid dragons
  11 water moccasins
  A hydra simulacrum (IceCv)
  3 moth of wrath simulacra (Zot:4)
  35 orc warriors
  An ice dragon simulacrum (Gauntlet)
  4 sky beasts
  2 ice beasts
  3 black bears
  12 ogres
  4 boggarts
  2 laughing skulls (D:14)
  A wolf (shapeshifter) (D:14)
  7 centaurs
  18 wolves
  3 phantoms
  2 kobold brigands
  17 bullfrogs
  An earth elemental (Elf:3)
  A glowing shapeshifter simulacrum (Depths:3)
  3 cane toad simulacra (IceCv)
  6 scorpions (Lair:3)
  2 two-headed ogre simulacra (IceCv)
  21 wights
  6 elephant simulacra (IceCv)
  6 killer bees (D:10)
  4 howler monkeys
  3 bombardier beetles
  8 hounds
  5 jellies
  10 orc priests
  3 gnoll boudas
  A sleepcap (D:7)
  11 iguanas
  29 orc wizards
  2 spriggan simulacra
  3 polar bear simulacra (IceCv)
  3 wolf simulacra (IceCv)
  13 gnolls
  7 adders
  A shadow imp (D:5)
  10 white imps
  3 ufetubi
  2 dart slugs
  A ribbon worm (D:5)
  83 orcs
  12 ball pythons
  6 endoplasms
  3 giant cockroaches
  15 goblins
  10 hobgoblins
  7 jackals
  4 quokkas (D:1)
  4 bats
  5 frilled lizards
  15 kobolds
  4 rats
2424 creatures vanquished.

Notes
Turn   | Place    | Note
-------+----------+-------------------------------------------
     0 | D:1      | Ofeo the Coglin Hunter began the quest for the Orb.
     0 | D:1      | Reached XP level 1. HP: 16/16 MP: 1/1
    47 | D:1      | Reached skill level 1 in Stealth
    95 | D:1      | Reached XP level 2. HP: 22/22 MP: 2/2
   219 | D:1      | Reached XP level 3. HP: 28/28 MP: 3/3
   490 | D:2      | Found a faded altar of an unknown god.
   793 | D:2      | Reached XP level 4. HP: 34/34 MP: 4/4
  1017 | D:2      | Found Fuezxuos's Antique Armour Boutique.
  1581 | D:3      | Reached XP level 5. HP: 41/41 MP: 5/5
  1774 | D:3      | You fall into a shaft and drop 3 floors!
  1839 | D:7      | Reached XP level 6. HP: 44/47 MP: 6/6
  1865 | D:6      | Noticed an ice beast
  2136 | D:6      | Identified the orb "Usuruy" {*Rage, rF+ rN+ Int+3 Dex-2}
  2147 | D:5      | Entered Level 5 of the Dungeon
  3019 | D:4      | Noticed Edmund
  3091 | D:4      | Found a staircase to the Ecumenical Temple.
  3109 | Temple   | Entered the Ecumenical Temple
  3118 | Temple   | Became a worshipper of Warmaster Okawaru
  3146 | D:4      | Reached skill level 5 in Ranged Weapons
  3284 | D:4      | Reached XP level 7. HP: 53/53 MP: 7/7
  3557 | D:4      | Found a glowing silver altar of Zin.
  3653 | D:4      | Found an opulent altar of Gozag.
  4285 | D:5      | Reached * piety under Okawaru
  4425 | D:5      | Reached XP level 8. HP: 51/60 MP: 8/8
  4704 | D:5      | Reached ** piety under Okawaru
  5135 | D:6      | Identified the +4 flail of Okawaru {drain, *Slow rElec
                  | rPois}
  5533 | D:6      | Reached XP level 9. HP: 65/65 MP: 9/9
  6093 | D:7      | Reached skill level 10 in Ranged Weapons
  6100 | D:7      | Reached *** piety under Okawaru
  6735 | D:8      | Noticed a tengu conjurer
  7051 | D:8      | Got the Catalogue of Chemical Firn
  7063 | D:8      | Reached **** piety under Okawaru
  7189 | D:8      | Reached skill level 1 in Invocations
  7189 | D:8      | Reached skill level 1 in Evocations
  7193 | D:8      | Reached XP level 10. HP: 11/71 MP: 10/10
  7477 | D:8      | Identified the +6 sling "Jepass" {heavy, Will+ Str+3 Int-4
                  | SInv}
  7683 | D:8      | Noticed a green ugly thing
  7683 | D:8      | Noticed a tengu warrior
  8325 | D:8      | Killed a tengu warrior
  8325 | D:8      | Reached ***** piety under Okawaru
  8345 | D:8      | Reached skill level 5 in Evocations
  8506 | D:8      | Noticed a white ugly thing
  8656 | D:8      | Noticed a cyclops
  8659 | D:8      | Killed a cyclops
  8761 | D:8      | Killed a green ugly thing
  8761 | D:8      | Received a gift from Okawaru
  9126 | D:8      | Killed a white ugly thing
  9663 | D:8      | Noticed Erica
  9670 | D:8      | Killed Erica
  9671 | D:8      | Reached XP level 11. HP: 76/76 MP: 14/14
 10004 | D:2      | Bought a glowing scarf for 240 gold pieces
 10223 | D:9      | Found a flagged portal.
 10230 | Bailey   | Entered a bailey
 10401 | Bailey   | Reached skill level 5 in Invocations
 10772 | Bailey   | Received a gift from Okawaru
 10811 | Bailey   | Noticed an orc knight
 10995 | Bailey   | Killed an orc knight
 10996 | Bailey   | Reached skill level 10 in Evocations
 11254 | D:9      | Found a glowing golden altar of the Shining One.
 11321 | D:9      | Found a sacrificial altar of Ru.
 11662 | D:9      | Found a staircase to the Orcish Mines.
 11724 | D:10     | Entered Level 10 of the Dungeon
 11735 | D:10     | Found a shadowy altar of Dithmenos.
 11740 | D:10     | Noticed a skeletal warrior
 11742 | D:10     | Noticed a skeletal warrior
 11754 | D:10     | Killed a skeletal warrior
 11760 | D:10     | Killed a skeletal warrior
 11765 | D:10     | Noticed a skeletal warrior
 11836 | D:10     | Noticed a skeletal warrior
 11836 | D:10     | Noticed a skeletal warrior
 11873 | D:9      | Found a sacrificial altar of Ru.
 11941 | D:9      | Found a glowing golden altar of the Shining One.
 12497 | D:9      | Found a staircase to the Orcish Mines.
 12537 | D:9      | Killed a skeletal warrior
 12578 | D:9      | HP: 3/76 [skeletal warrior/+0 hand axe (19)]
 12853 | D:9      | Killed a skeletal warrior
 13242 | Orc:1    | Entered Level 1 of the Orcish Mines
 13243 | Orc:1    | Noticed an orc high priest
 14085 | D:10     | Noticed a two-headed ogre
 14089 | D:10     | Killed a two-headed ogre
 14124 | D:10     | Found a staircase to the Lair.
 14130 | Lair:1   | Entered Level 1 of the Lair of Beasts
 14140 | Lair:1   | Reached XP level 12. HP: 50/83 MP: 17/17
 14370 | Lair:1   | Received a gift from Okawaru
 14460 | Lair:1   | Got the Handbook of Refined Firn
 14525 | Lair:1   | Noticed Nergalle
 14535 | Lair:1   | Killed Nergalle
 14580 | Lair:1   | Noticed a boulder beetle
 14595 | Lair:1   | Killed a boulder beetle
 15457 | Lair:2   | Reached skill level 5 in Fighting
 15475 | Lair:2   | Received a gift from Okawaru
 15561 | Lair:2   | Reached skill level 5 in Dodging
 15736 | Lair:2   | Noticed a catoblepas
 15753 | Lair:2   | Killed a catoblepas
 16036 | Lair:2   | Noticed an eight-headed hydra
 16042 | Lair:2   | Killed an eight-headed hydra
 16254 | Lair:2   | Received a gift from Okawaru
 16255 | Lair:2   | Reached XP level 13. HP: 96/96 MP: 19/19
 16367 | Lair:2   | Found a runed translucent door.
 16372 | Lair:2   | Noticed a reaper
 16862 | Lair:3   | Found a staircase to the Shoals.
 17283 | Lair:3   | Found a hole to the Spider Nest.
 17299 | Lair:3   | HP: 4/98 [demonic crawler (14)]
 17873 | Lair:3   | Received a gift from Okawaru
 19298 | Lair:5   | Entered Level 5 of the Lair of Beasts
 19548 | Lair:5   | Received a gift from Okawaru
 19614 | Lair:5   | Found a viscous altar of Jiyva.
 19614 | Lair:5   | Found a staircase to the Slime Pits.
 20641 | Lair:5   | Reached skill level 10 in Fighting
 21650 | Lair:5   | Received a gift from Okawaru
 22224 | Lair:4   | Reached XP level 14. HP: 95/111 MP: 20/20
 22228 | Lair:5   | Acquired an articulated cryosubsystem {rPois rC+ Regen+
                  | RegenMP+ rCorr}
 22241 | Lair:4   | Learned a level 3 spell: Fugue of the Fallen
 22245 | Lair:4   | Learned a level 3 spell: Frozen Ramparts
 22249 | Lair:4   | Learned a level 3 spell: Volatile Blastmotes
 22254 | Lair:4   | Learned a level 4 spell: Dimensional Bullseye
 22394 | Lair:5   | Reached skill level 1 in Spellcasting
 23520 | Lair:5   | Reached ****** piety under Okawaru
 23521 | Lair:5   | Reached skill level 5 in Spellcasting
 23526 | Lair:5   | Acquired a +3 hand cannon of flaming
 23526 | Lair:5   | Received a gift from Okawaru
 23550 | Lair:5   | Learned a level 3 spell: Ozocubu's Armour
 23906 | Lair:5   | Got the Exposition on the Icicle and the Union
 24689 | D:10     | Noticed Maggie
 24694 | D:10     | Killed Maggie
 24978 | D:10     | Found a sparkling altar of Nemelex Xobeh.
 25267 | D:10     | Found a snail-covered altar of Cheibriados.
 25364 | D:11     | Found the +7 great mace "Undeadhunter" {deathbane, rN+}
 25509 | D:11     | Found a frozen archway.
 25539 | IceCv    | Entered an ice cave
 25760 | IceCv    | Found an ancient bone altar of Kikubaaqudgha.
 25763 | IceCv    | Received a gift from Okawaru
 25795 | IceCv    | Reached skill level 15 in Ranged Weapons
 26326 | D:11     | Found a viscous altar of Jiyva.
 26388 | D:11     | Received a gift from Okawaru
 26617 | D:11     | Reached XP level 15. HP: 116/117 MP: 24/24
 27835 | Orc:2    | Entered Level 2 of the Orcish Mines
 27934 | Orc:2    | Received a gift from Okawaru
 27982 | Orc:2    | Found a staircase to the Elven Halls.
 28349 | Orc:2    | Found Sopadghige's Magic Scroll Boutique.
 28356 | Orc:2    | Bought a scroll of acquirement for 728 gold pieces
 28356 | Orc:2    | Bought a scroll of blinking for 105 gold pieces
 28356 | Orc:2    | Bought a scroll of identify for 28 gold pieces
 28356 | Orc:2    | Bought a scroll of fog for 56 gold pieces
 28383 | Orc:2    | Found an ancient bone altar of Kikubaaqudgha.
 28388 | Orc:2    | Gained mutation: You occasionally shout uncontrollably at
                  | your foes. [a neqoxec]
 28391 | Orc:2    | Gained mutation: You are covered in fur. (AC +1) [a
                  | neqoxec]
 28393 | Orc:2    | Gained mutation: Your spells are a little easier to cast,
                  | but a little less powerful. [a neqoxec]
 28521 | Orc:2    | Paralysed by an orc sorcerer for 3 turns
 28541 | Orc:2    | Noticed Erolcha
 28543 | Orc:2    | Killed Erolcha
 28563 | Orc:2    | Found a radiant altar of Vehumet.
 28606 | Orc:2    | Found Baedeyg's Antique Weapon Boutique.
 28607 | Orc:2    | Found a roughly hewn altar of Beogh.
 28620 | Orc:2    | Found Wilik's Book Boutique.
 28634 | Orc:2    | Found Puceces's Book Shop.
 28717 | Orc:2    | Acquired 600 gold pieces
 29004 | Orc:1    | Received a gift from Okawaru
 29629 | D:13     | Noticed Lodul
 29643 | D:13     | Killed Lodul
 30305 | D:13     | Received a gift from Okawaru
 30311 | D:13     | Reached XP level 16. HP: 102/123 MP: 25/25
 30344 | D:13     | Identified the +1 pair of gloves of the Trout {rElec rC+
                  | Slay+3}
 30371 | D:13     | Found a gate to the Vaults.
 30379 | D:13     | Reached skill level 15 in Evocations
 30629 | D:14     | Noticed Frances
 30634 | D:14     | Killed Frances
 31074 | D:14     | Noticed Rupert
 31135 | D:14     | Received a gift from Okawaru
 31160 | D:14     | Killed Rupert
 31322 | D:14     | Learned a level 1 spell: Apportation
 31327 | D:14     | Learned a level 4 spell: Cause Fear
 31528 | D:15     | Entered Level 15 of the Dungeon
 31616 | D:15     | Found a gate leading to a gauntlet.
 31627 | Gauntlet | Entered a Gauntlet
 31627 | Gauntlet | Found a transporter.
 31631 | Gauntlet | Found a transporter.
 31635 | Gauntlet | Found a transporter.
 31640 | Gauntlet | Found a transporter.
 31676 | Gauntlet | Found a transporter.
 31678 | Gauntlet | Found a transporter.
 31679 | Gauntlet | Found a transporter.
 31737 | Gauntlet | Found a transporter.
 31741 | Gauntlet | Found a transporter.
 31753 | Gauntlet | Found a transporter.
 31754 | Gauntlet | Found a transporter.
 31761 | Gauntlet | Found a transporter.
 31782 | Gauntlet | Found a transporter.
 31794 | Gauntlet | Found a transporter.
 31866 | Gauntlet | Reached skill level 1 in Ice Magic
 32186 | D:15     | Received a gift from Okawaru
 32344 | D:15     | Found a broken altar of Ashenzari.
 32432 | D:15     | Found a shimmering altar of Xom.
 32606 | D:15     | Found a staircase to the Depths.
 32834 | Spider:1 | Entered Level 1 of the Spider Nest
 33049 | Spider:1 | Reached skill level 5 in Ice Magic
 33069 | Spider:1 | Received a gift from Okawaru
 33409 | Spider:1 | Found a transporter.
 33414 | Spider:1 | Noticed ShinQuickMan's ghost (adept HuCj)
 33424 | Spider:1 | Found a transporter.
 33738 | Spider:1 | Reached XP level 17. HP: 134/135 MP: 26/26
 33963 | Spider:1 | Noticed Roxanne
 33975 | Spider:1 | Killed Roxanne
 34487 | Spider:2 | Received a gift from Okawaru
 36581 | Spider:3 | Received a gift from Okawaru
 37368 | Spider:4 | Entered Level 4 of the Spider Nest
 37843 | Spider:4 | Received a gift from Okawaru
 37880 | Spider:4 | Noticed Mlioglotl
 37889 | Spider:4 | Killed Mlioglotl
 37904 | Spider:4 | Reached skill level 15 in Fighting
 38155 | Spider:4 | Identified the ring "Magim" {rN+ rCorr Int+2}
 38532 | Spider:4 | Got a gossamer rune of Zot
 39408 | Shoals:1 | Entered Level 1 of the Shoals
 39607 | Shoals:1 | Reached XP level 18. HP: 152/152 MP: 27/27
 39799 | Shoals:1 | Received a gift from Okawaru
 40935 | Shoals:2 | Reached XP level 19. HP: 163/163 MP: 28/28
 40994 | Shoals:3 | Received a gift from Okawaru
 41077 | Shoals:3 | Reached skill level 1 in Armour
 41226 | Shoals:3 | Reached skill level 2 in Armour
 41255 | Shoals:3 | Reached skill level 5 in Stealth
 41259 | Shoals:3 | Reached skill level 10 in Dodging
 41530 | Shoals:3 | Reached skill level 3 in Armour
 41574 | Shoals:3 | Received a gift from Okawaru
 41617 | Shoals:3 | Noticed Polyphemus
 41624 | Shoals:3 | Killed Polyphemus
 41874 | Shoals:4 | Entered Level 4 of the Shoals
 41991 | Shoals:4 | Acquired the +1 pair of boots "Joudieg" {Str+4 Dex+2}
 41991 | Shoals:4 | Received a gift from Okawaru
 42026 | Shoals:4 | Reached skill level 4 in Armour
 42253 | Shoals:4 | Received a gift from Okawaru
 42272 | Shoals:4 | Reached skill level 5 in Armour
 42282 | Shoals:4 | Got a barnacled rune of Zot
 42331 | Shoals:4 | Reached XP level 20. HP: 170/170 MP: 29/29
 42813 | Shoals:4 | Identified the staff "Hell-Harrower" {rC+ rN+ Str+2 Ice}
 43407 | Vaults:1 | Entered Level 1 of the Vaults
 44072 | Vaults:1 | Reached skill level 6 in Armour
 44556 | Vaults:1 | Received a gift from Okawaru
 44829 | Vaults:1 | Found Bisas's Distillery.
 44837 | Vaults:1 | Bought 2 potions of curing for 102 gold pieces
 44837 | Vaults:1 | Bought a potion of curing for 51 gold pieces
 44837 | Vaults:1 | Bought 2 potions of enlightenment for 170 gold pieces
 44877 | Vaults:1 | Identified the +5 longbow "Dovvegeg" {heavy, *Corrode rF+
                  | rN+}
 45692 | Vaults:1 | Reached skill level 7 in Armour
 45930 | Vaults:2 | Received a gift from Okawaru
 46087 | Vaults:2 | Identified the +1 quarterstaff "Qinimne" {elec, rC+ Will-
                  | Int+6}
 46295 | Vaults:2 | Reached skill level 8 in Armour
 46591 | Vaults:2 | Received a gift from Okawaru
 46610 | Vaults:2 | Reached XP level 21. HP: 177/177 MP: 26/30
 46894 | Vaults:2 | Found Ofofuab's Weapon Boutique.
 47150 | Vaults:3 | Reached skill level 9 in Armour
 47152 | Vaults:3 | Reached skill level 10 in Stealth
 47361 | Vaults:3 | Found a staircase to the Crypt.
 47372 | Vaults:3 | Received a gift from Okawaru
 47807 | Vaults:3 | Found a large runed translucent door.
 47807 | Vaults:3 | Found a large runed translucent door.
 47808 | Vaults:3 | Noticed bananaken's ghost (adept TrMo)
 48379 | Vaults:4 | Received a gift from Okawaru
 48407 | Vaults:4 | Reached skill level 10 in Armour
 48870 | Vaults:4 | Received a gift from Okawaru
 48997 | Vaults:4 | Noticed Bai Suzhen
 49007 | Vaults:4 | Killed Bai Suzhen
 49148 | Vaults:4 | Reached XP level 22. HP: 184/184 MP: 31/31
 49486 | Vaults:4 | Reached skill level 11 in Armour
 49880 | Depths:1 | Entered Level 1 of the Depths
 49886 | Depths:1 | Noticed Mara
 49893 | Depths:1 | Noticed Ofeo's illusion
 49894 | Depths:1 | Killed Mara
 49905 | Depths:1 | Received a gift from Okawaru
 50354 | Depths:1 | Noticed Saint Roka
 50377 | Depths:1 | Killed Saint Roka
 50491 | Depths:1 | Received a gift from Okawaru
 51127 | Depths:1 | Reached skill level 15 in Dodging
 51129 | Depths:1 | Reached skill level 12 in Armour
 51203 | Depths:1 | Found a gateway to Hell.
 51515 | Depths:2 | Noticed a dread lich
 51518 | Depths:2 | Paralysed by a dread lich for 5 turns
 51524 | Depths:2 | Killed a dread lich
 51524 | Depths:2 | Received a gift from Okawaru
 51657 | Depths:2 | Identified the staff "Ecliowul" {rElec Dex+3 Stlth+ Air}
 51739 | Depths:2 | Got the Codex of the Cold Tropics
 51986 | Depths:2 | Reached XP level 23. HP: 152/190 MP: 32/32
 52155 | Depths:2 | Noticed a golden dragon
 52159 | Depths:2 | Killed a golden dragon
 52160 | Depths:2 | Reached skill level 13 in Armour
 52365 | Depths:2 | Received a gift from Okawaru
 52367 | Depths:2 | Found a one-way gate leading to the halls of Pandemonium.
 52549 | Depths:3 | Noticed a dread lich
 52552 | Depths:3 | Paralysed by a dread lich for 2 turns
 52558 | Depths:3 | Killed a dread lich
 52769 | Depths:3 | Paralysed by a fenstrider witch for 4 turns
 52804 | Depths:3 | Identified the orb of the Vacuum {light, Regen+ Str+2 Air}
 52804 | Depths:3 | Noticed Frederick
 52812 | Depths:3 | Killed Frederick
 52837 | Depths:3 | Received a gift from Okawaru
 52943 | Depths:3 | Noticed Vv
 52966 | Depths:3 | Killed Vv
 53026 | Depths:3 | Identified the staff of Exquisite Death {^Contam +Blink rC+
                  | rN++ Conj}
 53234 | Depths:3 | Noticed a golden dragon
 53242 | Depths:3 | Killed a golden dragon
 53243 | Depths:3 | Reached skill level 14 in Armour
 53327 | Depths:3 | Received a gift from Okawaru
 53362 | Depths:3 | Found a one-way gate to the infinite horrors of the Abyss.
 53463 | Depths:3 | Noticed a caustic shrike
 53468 | Depths:3 | Killed a caustic shrike
 53587 | Depths:3 | Noticed a dread lich
 53591 | Depths:3 | Killed a dread lich
 53705 | Depths:3 | Reached XP level 24. HP: 197/197 MP: 32/32
 53728 | Depths:3 | Reached skill level 15 in Stealth
 54107 | Depths:3 | Found the ring of the Octopus King
 54253 | Depths:3 | Identified the +3 halberd "Measioje" {spect, rC+}
 54413 | Depths:3 | Received a gift from Okawaru
 54520 | Depths:4 | Entered Level 4 of the Depths
 54521 | Depths:4 | Upgraded the game from 0.32-a0-933-ga8fa3634e4 to
                  | 0.32-a0-938-g40ac7a0f4d
 54600 | Depths:4 | Reached skill level 15 in Armour
 54764 | Depths:4 | Found a one-way gateway to a ziggurat.
 54866 | Depths:4 | Found Wyc Cuat's Book Shop.
 54873 | Depths:4 | Found Deuts's Book Boutique.
 54875 | Depths:4 | Bought a manual of Armour for 960 gold pieces
 54920 | Depths:4 | Received a gift from Okawaru
 55471 | Lair:2   | Identified the +5 scale mail of the Cockroach {+Blink rN+
                  | Str-5}
 55715 | D:2      | Bought a scorched scale mail for 270 gold pieces
 55715 | D:2      | Identified the +0 scale mail of the Jackalope {Rampage
                  | +Blink Dex-4} (You bought it in a shop on level 2 of the
                  | Dungeon)
 56442 | Elf:1    | Entered Level 1 of the Elven Halls
 57286 | Elf:1    | Reached skill level 16 in Armour
 57307 | Elf:1    | Found a shimmering blue altar of Sif Muna.
 57432 | Elf:1    | Received a gift from Okawaru
 57598 | Elf:1    | Found Koywu's Jewellery Shop.
 57599 | Elf:1    | Found Tiblad's Book Shoppe.
 57605 | Elf:1    | Found Foureunt's Jewellery Shop.
 58462 | Elf:2    | Found a runed translucent gate.
 58462 | Elf:2    | Found a runed translucent gate.
 58463 | Elf:2    | Found a runed translucent gate.
 58852 | Elf:2    | Reached XP level 25. HP: 204/204 MP: 32/32
 58868 | Elf:2    | Received a gift from Okawaru
 58875 | Elf:2    | Reached skill level 17 in Armour
 58916 | Elf:2    | Identified the blade talisman "Jehamoblu" {Fly Int+3 Dex+6}
 59091 | Elf:3    | Entered Level 3 of the Elven Halls
 59458 | Elf:3    | Found Axyumn's Antique Weapon Shop.
 59466 | Elf:3    | Bought a transparent rapier for 333 gold pieces
 59466 | Elf:3    | Identified the +8 rapier "Muist" {spect, ^Fragile Fly rElec
                  | rCorr} (You bought it in a shop on level 3 of the Elven
                  | Halls)
 60035 | Elf:3    | Identified the ring "Gunkousi" {rC+ rCorr}
 60154 | Elf:3    | Identified the staff of Xesiloini {rC+ rN+ Int+2 Stlth+
                  | Ice}
 60228 | Elf:3    | Identified the +1 robe of Setu Ise {Harm Will- Dex-5
                  | Stlth+}
 60243 | Elf:3    | Identified the ring "Raveum" {Will++ EV+5}
 60258 | Elf:3    | Received a gift from Okawaru
 60363 | Elf:3    | Noticed Donald
 60365 | Elf:3    | Killed Donald
 60379 | Elf:3    | Identified the +6 long sword "Ketzeziot" {vamp, rElec rCorr
                  | Int-2 Stlth+}
 60436 | Elf:3    | Got the Information on the Tempest
 60457 | Elf:3    | Identified the +0 dagger "Backscratcher" {elec, rC+ rN+
                  | Str-5 SInv}
 60477 | Elf:3    | Identified the +4 glaive "Homes" {venom, rF+ rN++ rCorr
                  | Str-4}
 60484 | Elf:3    | Got the Directory of Hyletic Conjuration
 60486 | Elf:3    | Identified the staff "Timeal" {rPois Will+ rCorr Str+2 Conj
                  | Alchemy}
 60524 | Elf:3    | Identified the staff "Tuafix" {rElec rN+ Earth}
 60527 | Elf:3    | Identified the +11 dagger "Ivyudiox" {freeze, rPois rF+++
                  | Dex+4 Stlth-}
 61202 | Slime:1  | Entered Level 1 of the Pits of Slime
 61545 | Vaults:5 | Entered Level 5 of the Vaults
 61560 | Vaults:5 | Reached skill level 1 in Translocations
 61563 | Vaults:5 | Reached skill level 1 in Hexes
 61648 | Vaults:5 | Received a gift from Okawaru
 61649 | Vaults:5 | Reached skill level 5 in Translocations
 61757 | Vaults:5 | Reached skill level 5 in Hexes
 61786 | Vaults:5 | Noticed a dread lich
 61794 | Vaults:5 | Identified the +10 mace of Hobat {flame, rF+ Str+3 SInv}
 61797 | Vaults:5 | Killed a dread lich
 61860 | Vaults:5 | Reached XP level 26. HP: 157/211 MP: 31/32
 61909 | Vaults:5 | Received a gift from Okawaru
 62175 | Vaults:5 | Identified the +6 shortbow "Gifaanen" {flame, rElec rCorr
                  | Str+3 SInv}
 62361 | Vaults:5 | Identified the +5 scale mail of Pyzet {rF+ Str-2 Int+3
                  | Slay+2}
 62406 | Vaults:5 | Identified the +0 robe of the Past {rF- rC+++ Dex+3
                  | Archmagi}
 62558 | Vaults:5 | Identified the +2 helmet "Efirer" {Dex+3}
 62603 | Vaults:5 | Identified the +0 buckler of Love and Death {rF+}
 62739 | Vaults:5 | Got a silver rune of Zot
 62909 | Vaults:5 | Received a gift from Okawaru
 63657 | Slime:2  | Reached skill level 18 in Armour
 63698 | Slime:4  | Paralysed by a formless jellyfish for 1 turns
 63907 | Slime:5  | Entered Level 5 of the Pits of Slime
 63914 | Slime:5  | Reached skill level 19 in Armour
 64217 | Slime:5  | Upgraded the game from 0.32-a0-938-g40ac7a0f4d to
                  | 0.32-a0-953-g508020473e
 64260 | Slime:5  | Received a gift from Okawaru
 64438 | Slime:5  | Noticed the Royal Jelly
 64464 | Slime:5  | Killed the Royal Jelly
 64591 | Slime:5  | Identified the ring "Moipuf" {Ice MP+9}
 64613 | Slime:5  | Identified the +1 war axe of Koten {freeze, Str+3}
 64617 | Slime:5  | Identified the +5 mace "Fuhik" {heavy, rPois Stlth+}
 64620 | Slime:5  | Got a slimy rune of Zot
 64673 | Slime:5  | Identified the amulet "Epeamp" {Rampage +Blink Regen+
                  | Int-4}
 65200 | Depths:4 | Reached skill level 20 in Armour
 65246 | Depths:4 | Received a gift from Okawaru
 65263 | Depths:4 | Reached skill level 10 in Invocations
 65268 | Depths:4 | Reached XP level 27. HP: 217/217 MP: 32/32
 65381 | Depths:4 | Found a gate to the Realm of Zot.
 65622 | Depths:4 | Received a gift from Okawaru
 65761 | Zot:1    | Entered Level 1 of the Realm of Zot
 66534 | Zot:1    | Received a gift from Okawaru
 66548 | Zot:1    | Reached skill level 21 in Armour
 68016 | Zot:2    | Received a gift from Okawaru
 68822 | Zot:3    | You fall into a shaft and drop 1 floor!
 69062 | Zot:3    | Found a white marble altar of Elyvilon.
 69074 | Zot:3    | Found a radiant altar of Vehumet.
 69503 | Zot:4    | Gained mutation: Armour fits poorly on your strangely
                  | shaped body. [mutagenic glow]
 69668 | Zot:4    | Identified the ring "Wust" {Ice Str+3}
 69668 | Zot:4    | Noticed Josephina
 69682 | Zot:4    | Killed Josephina
 69695 | Zot:4    | Received a gift from Okawaru
 69850 | Zot:4    | Reached skill level 22 in Armour
 70498 | Zot:4    | Lost mutation: You are covered in fur. (AC +1) [potion of
                  | mutation]
 70498 | Zot:4    | Lost mutation: You occasionally shout uncontrollably at
                  | your foes. [potion of mutation]
 70498 | Zot:4    | Gained mutation: You passively map a small area around you.
                  | [potion of mutation]
 70498 | Zot:4    | Gained mutation: You have a pair of small antennae on your
                  | head. [potion of mutation]
 70499 | Zot:4    | Lost mutation: You passively map a small area around you.
                  | [potion of mutation]
 70499 | Zot:4    | Lost mutation: You have a pair of small antennae on your
                  | head. [potion of mutation]
 70499 | Zot:4    | Gained mutation: You are clumsy. (Dex -2) [potion of
                  | mutation]
 70499 | Zot:4    | Gained mutation: You occasionally shout uncontrollably at
                  | your foes. [potion of mutation]
 70499 | Zot:4    | Gained mutation: You are partially covered in iridescent
                  | scales. (AC +2) [potion of mutation]
 70500 | Zot:4    | Lost mutation: You are clumsy. (Dex -2) [potion of
                  | mutation]
 70500 | Zot:4    | Lost mutation: You are partially covered in iridescent
                  | scales. (AC +2) [potion of mutation]
 70500 | Zot:4    | Lost mutation: You occasionally shout uncontrollably at
                  | your foes. [potion of mutation]
 70500 | Zot:4    | Gained mutation: Your mind is acute. (Int +4, Str/Dex -1)
                  | [potion of mutation]
 70500 | Zot:4    | Gained mutation: You passively map a small area around you.
                  | [potion of mutation]
 70557 | Zot:5    | Entered Level 5 of the Realm of Zot
 71213 | Zot:5    | Noticed a dread lich
 71230 | Zot:5    | Killed a dread lich
 71230 | Zot:5    | Received a gift from Okawaru
 71236 | Zot:5    | Noticed an orb of fire
 71237 | Zot:5    | Gained mutation: Your magical capacity is low. (-10% MP)
                  | [an orb of fire]
 71237 | Zot:5    | Noticed an orb of fire
 71244 | Zot:5    | Gained mutation: You have hidden genetic defects. [an orb
                  | of fire]
 71249 | Zot:5    | Killed an orb of fire
 71249 | Zot:5    | Killed an orb of fire
 71250 | Zot:5    | Reached skill level 23 in Armour
 71250 | Zot:5    | Noticed a dread lich
 71254 | Zot:5    | Killed a dread lich
 71298 | Zot:5    | Noticed a dread lich
 71306 | Zot:5    | Noticed a dread lich
 71315 | Zot:5    | Killed a dread lich
 71331 | Zot:5    | Gained mutation: Your body sometimes deteriorates upon
                  | taking damage. [hidden defects]
 71332 | Zot:5    | Lost mutation: Armour fits poorly on your strangely shaped
                  | body. [potion of mutation]
 71332 | Zot:5    | Lost mutation: Your magical capacity is low. (-10% MP)
                  | [potion of mutation]
 71332 | Zot:5    | Lost mutation: You passively map a small area around you.
                  | [potion of mutation]
 71332 | Zot:5    | Gained mutation: Your health recovers twice as slowly from
                  | being drained. [potion of mutation]
 71332 | Zot:5    | Lost mutation: You have hidden genetic defects. [potion of
                  | mutation]
 71332 | Zot:5    | Lost mutation: Your health recovers twice as slowly from
                  | being drained. [potion of mutation]
 71332 | Zot:5    | Gained mutation: You are partially covered in iridescent
                  | scales. (AC +2) [potion of mutation]
 71412 | Zot:5    | Received a gift from Okawaru
 71496 | Zot:5    | Reached skill level 24 in Armour
 71573 | Zot:5    | Killed a dread lich
 71872 | Zot:5    | Got the Orb of Zot
 71879 | Zot:5    | Noticed Buococwe the pandemonium lord
 71885 | Zot:5    | Killed Buococwe the pandemonium lord
 72094 | Zot:2    | Received a gift from Okawaru
 72538 | D:1      | Noticed Assich the pandemonium lord
 72541 | D:1      | Noticed Nixuacw the pandemonium lord
 72552 | D:$      | Escaped with the Orb!

Illustrated notes

Levels and vault maps discovered:
D:1:      erik_arrival_orb_chamber, layout_rooms, chequers_serial_rivers_small_3
D:2:      layout_basic, ebering_ecumenical_altar_petrified, serial_shops,
          nicolae_shop_overgrown_old_shop
D:3:      layout_basic, serial_glass, glass_columns_b, glass_columns_c,
          reono_crystal_passage, minmay_puff
D:4:      layout_cave_pools, pdpol_temple_overflow_zin_treasury_gozag_greed,
          minmay_temple_entry_mini_moons, uniq_edmund
D:5:      cheibrodos_barr_body, layout_loops_ring, kennysheep_pointless_box
D:6:      layout_basic
D:7:      layout_rooms
D:8:      minmay_the_grid_plus [minmay_the_grid_minigrid_medium,
          minmay_the_grid_spin_star, minmay_the_grid_dragon_b,
          minmay_the_grid_paths, minmay_the_grid_prize_four_corners_diamond_b],
          layout_loops_ring, chequers_serial_rivers_small_3, uniq_erica
D:9:      layout_basic, nicolae_tso_carved_into_rock, mainiacjoe_overflow_paths,
          orc_0_dummy, serial_rivers, chequers_serial_rivers_large_b,
          chequers_serial_rivers_micro_a, chequers_serial_rivers_micro_b,
          chequers_serial_rivers_room_a, enter_bailey_3
D:10:     layout_stronghold, mainiacjoe_overflow_alcove_4,
          grunt_dithmenos_smoke, lemuel_coloured_pillars_altar,
          grunt_lair_entry_orc_guard_hut, uniq_maggie
D:11:     layout_basic, portal_ice_cave_entry_animals_and_master, jiyva_altar_1
D:12:     layout_irregular_city, wad_floor_pattern_2
D:13:     layout_irregular_city, grunt_vaults_entry_fortified, uniq_lodul
D:14:     layout_cross, serial_park_square3 [serial_park_minivault_5x5_1],
          uniq_rupert, uniq_frances
D:15:     grunt_enter_depths_magical_seal, layout_rooms, gauntlet_entry_generic,
          xom_redecorated, ashenzari_altar_1
Temple:   minmay_freezing_vapour_temple
Lair:1:   layout_cave_pods, uniq_nergalle
Lair:2:   layout_chaotic_city, pdpol_lair_cabin_in_the_woods, grunt_megastairs_3
Lair:3:   beast_lair_carwin_large_3, layout_cave_pods,
          minmay_shoals_entry_beasts, nicolae_spider_entry_non_spiders,
          st_stairs_12, grunt_forest_large_clearing_hut
Lair:4:   layout_big_grid
Lair:5:   evilmike_catoblepas_cave, layout_layer_cave,
          minmay_slime_entry_pillars
Shoals:1: layout_shoals
Shoals:2: layout_shoals
Shoals:3: layout_shoals, nicolae_shoals_aquamancer_cove, uniq_polyphemus
Shoals:4: shoals_end_grunt_ice, layout_shoals, nicolae_shoals_undead_eyrie
Spider:1: layout_cave_pods, nzn_ghost_randoct, uniq_roxanne
Spider:2: layout_spider_delve, drop_trap
Spider:3: layout_chambers, nicolae_spider_checkerboard
Spider:4: grunt_spider_rune_parallel, nicolae_spider_paper_wasps, uniq_mlioglotl
Slime:1:  layout_caves
Slime:2:  layout_caves
Slime:3:  layout_caves, basic_altar
Slime:4:  layout_caves
Slime:5:  slime_pit_nicolae_royal_road_to_ruin
Orc:1:    layout_caves, lightli_orcish_oven
Orc:2:    kennysheep_orc_mage_school, layout_diamond_mine
Elf:1:    layout_gridlike, basic_altar, hangedman_elven_crosses_minicolossus,
          minmay_shop_grove
Elf:2:    nicolae_elf_blades_splatter_lattice
          [nicolae_blade_entry_crossed_weapons], layout_geoelf_diagonals,
          serial_glass, glass_columns_a, glass_columns_a, minivault_24,
          nicolae_elf_glassroom_feature
Elf:3:    minmay_elf_hall_not_hex, layout_geoelf_octagon, serial_shops,
          nicolae_shop_scrapyard, hangedman_elf_power_crystal,
          grunt_ministairs_14, guppyfry_library_mini, uniq_donald
Vaults:1: hangedman_vaults_maws, nicolae_vaults_variable_pillar_hall, v_misc_23,
          vaults_dpeg_doors, v_rooms_4, nicolae_vaults_surprise_closet_hard,
          nicolae_vaults_storage_closets_2, nicolae_vaults_turnstiles,
          v_misc_32, v_alt_pattern_2, vaults_dpeg_ring,
          layout_vaults_chaotic_city, serial_shops, shop
Vaults:2: v_misc_33, nicolae_vaults_security_offices_5, nicolae_vaults_big_ls,
          nicolae_vaults_trapezoid_1, nicolae_vaults_two_Ls,
          hangedman_vaults_trim, nicolae_vaults_two_Ls,
          vaults_dpeg_encased_lava, v_pattern_1,
          nicolae_vaults_doubleplus_tesselated, vaults_room_fancy_cross,
          v_misc_31, vaults_room_stairs_pillars, v_misc_24,
          nicolae_vaults_little_squares_1, layout_vaults_ring, serial_shops,
          nicolae_shop_behind_doors
Vaults:3: ebering_ghost_disaster_area, ontoclasm_vaults_twist,
          nicolae_vaults_offset_grid_hallway_3, minmay_crypt_entry_simple_round,
          nicolae_vaults_tetromino_T_1, nicolae_vaults_twisting_passages,
          nicolae_vaults_closet_pinwheel_2, vaults_room_door_ring,
          nicolae_vaults_heart-shaped_vault, v_misc_25, nicolae_vaults_swerve,
          nicolae_vaults_little_squares_2, v_misc_24,
          nicolae_vaults_little_squares_6, layout_vaults_omnibox, uniq_margery
Vaults:4: ontoclasm_vaults_ring_small, ontoclasm_vaults_spin,
          nicolae_vaults_offset_grid_hallway_3, v_misc_29,
          nicolae_vaults_network_periphery, hangedman_vaults_restitches,
          nicolae_vaults_double_plus_2, nicolae_vaults_closet_pinwheel_1,
          ontoclasm_vaults_decontamination, layout_vaults_omnigrid,
          uniq_bai_suzhen
Vaults:5
Depths:1: layout_basic, nicolae_BIG_FREAKIN_CUBE, hellmouth_1,
          hangedman_abyss_or_decor_clamps, uniq_saint_roka, uniq_mara
Depths:2: hangedman_crystal_crosses_colossus [crystal_crosses_arms_four,
          crystal_crosses_arms_two, crystal_crosses_arms_two], hell_entry,
          pan_entry
Depths:3: hellmonk_hyper_hexagons [hex_subvault_uneven, hex_subvault_bowtie,
          hex_subvault_fishy, hex_subvault_narrow, hex_subvault_double_channel,
          hex_subvault_rings, hex_subvault_four_corners], abyss_entry,
          hell_entry, uniq_vv, uniq_frederick
Depths:4: lemuel_castle_with_subvaults [lemuel_castle_interior_carwin_3],
          layout_cave_pools, enter_ziggurat_e, chequers_serial_rivers_micro_b,
          hell_entry, minmay_shoptagon
Zot:1:    layout_basic, hangedman_zot_decor_slant, regret_index_zotdec_icy_dp,
          lemuel_baited_zot_trap, zot_minivault_5
Zot:2:    layout_gridlike
Zot:3:    lemuel_draconian_sentries, layout_gridlike,
          regret_index_zot_stipple_split, st_stairs_10,
          regret_index_zotdec_bone_old, drop_trap
Zot:4:    nicolae_moth_party, layout_gridlike, uniq_josephina
Zot:5:    layout_onion

Skill      XL: |  1  2  3  4  5  6  7  8  9 10 11 12 13 14 15 16 17 18 19 20 21 22 23 24 25 26 27 |
---------------+----------------------------------------------------------------------------------+-----
Stealth        | 1 2 4 6 9 11 13 14 16 | 16.8
Dodging        | 2 3 6 9 10 12 14 15 16 18 | 18.6
Ranged Weapons | 4 5 7 9 11 12 13 14 15 18 | 18.0
Fighting       | 3 7 10 12 16 18 | 18.1
Invocations    | 1 4 6 8 10 13 | 13.7
Evocations     | 2 8 11 14 18 | 18.3
Spellcasting   | 6 |  6.0
Ice Magic      | 6 7 |  7.0
Armour         | 5 8 10 12 14 16 17 20 24 | 24.8
Translocations | 7 9 |  9.4
Hexes          | 6 8 |  8.6

Action                     |  1- 3 |  4- 6 |  7- 9 | 10-12 | 13-15 | 16-18 | 19-21 | 22-24 | 25-27 || total
---------------------------+-------+-------+-------+-------+-------+-------+-------+-------+-------++-------
  Melee: Hand cannon       |       |       |       |       |       |       |       |       |     2 ||     2
   Fire: Sling             |   162 |   266 |   644 |   990 |  1492 |   896 |   318 |       |       ||  4768
         Hand cannon       |       |       |       |       |   648 |   896 |  1460 |  2068 |  3204 ||  8276
  Throw: Throwing net      |       |       |       |     1 |     2 |       |       |       |       ||     3
         Dart              |       |       |       |     1 |     1 |       |       |       |       ||     2
   Cast: Fugue of the Fall |       |       |       |       |       |       |       |     1 |       ||     1
         Ozocubu's Armour  |       |       |       |       |       |       |       |       |     2 ||     2
         Dimensional Bulls |       |       |       |       |       |       |       |       |     5 ||     5
 Invoke: Finesse           |       |       |       |     3 |     3 |     4 |     2 |     6 |     9 ||    27
         Heroism           |       |       |       |     1 |     2 |     6 |     1 |     2 |     5 ||    17
         Receive Weapon    |       |       |       |       |     1 |       |       |       |       ||     1
         Receive Armour    |       |       |       |       |       |       |     1 |       |       ||     1
Ability: Invent Gizmo      |       |       |       |       |     1 |       |       |       |       ||     1
  Evoke: Wand              |       |       |       |       |     1 |     1 |       |       |     4 ||     6
    Use: Scroll            |       |    10 |    12 |     5 |    19 |     7 |     1 |       |    16 ||    70
         Potion            |       |       |     3 |     5 |     2 |     1 |       |     2 |    19 ||    32
 Armour: Leather armour    |     4 |    46 |    82 |    23 |       |       |       |    17 |    70 ||   242
         Troll leather arm |       |       |       |   101 |    99 |       |       |       |       ||   200
         Steam dragon scal |       |       |       |       |    93 |   280 |   126 |    97 |       ||   596
         Scale mail        |       |       |       |       |       |       |       |       |   140 ||   140
         Fire dragon scale |       |       |       |       |       |       |       |       |   122 ||   122
  Dodge: Dodged            |     3 |    42 |    89 |    87 |   269 |   274 |   205 |   158 |   465 ||  1592
         Repelled          |       |       |       |       |       |       |    20 |    55 |    58 ||   133

Table legend: (Time is in decaauts)
 A = Elapsed time spent in this place.
 B = Non-inter-level travel time spent in this place.
 C = Inter-level travel time spent in this place.
 D = Time resting spent in this place.
 E = Time spent auto-exploring this place.
 F = Levels seen in this place.
 G = Mean time per level.
                   A        B        C        D        E       F      G
               +--------+--------+--------+--------+--------+-----+--------+
         Total |  72886 |  64904 |   7982 |   8996 |  43402 |  56 | 1301.5 |
       Dungeon |  21880 |  17967 |   3913 |   3627 |  11249 |  15 | 1458.7 |
        Temple |     14 |     10 |      4 |      0 |      0 |   1 |   14.0 |
          Lair |  11065 |   9862 |   1203 |   2172 |   6090 |   5 | 2213.0 |
        Shoals |   4100 |   3863 |    237 |    140 |   3023 |   4 | 1025.0 |
   Spider Nest |   6401 |   6007 |    394 |    667 |   4601 |   4 | 1600.2 |
    Slime Pits |   1198 |   1138 |     60 |    228 |      0 |   5 |  239.6 |
  Orcish Mines |   1746 |   1506 |    240 |    246 |    963 |   2 |  873.0 |
   Elven Halls |   4240 |   4002 |    238 |    338 |   2994 |   3 | 1413.3 |
        Vaults |   7649 |   7115 |    534 |    139 |   5807 |   5 | 1529.8 |
        Depths |   6473 |   5755 |    718 |    442 |   3841 |   4 | 1618.2 |
           Zot |   6279 |   5841 |    438 |    597 |   4036 |   5 | 1255.8 |
        Bailey |    787 |    787 |      0 |    289 |    336 |   1 |  787.0 |
      Ice Cave |    637 |    637 |      0 |     97 |    277 |   1 |  637.0 |
      Gauntlet |    411 |    411 |      0 |     10 |    183 |   1 |  411.0 |
               +--------+--------+--------+--------+--------+-----+--------+

Top non-repeatable levels by time:
  Lair:5: 3852 daAuts
     D:9: 2908 daAuts
     D:8: 2691 daAuts
  Lair:4: 2325 daAuts
Depths:3: 2158 daAuts
    D:10: 2069 daAuts
Spider:4: 1913 daAuts
  Lair:3: 1857 daAuts
   Elf:3: 1836 daAuts
Vaults:1: 1827 daAuts
    D:13: 1718 daAuts
  Lair:2: 1708 daAuts
Spider:2: 1690 daAuts
Vaults:5: 1688 daAuts
     D:7: 1585 daAuts
